 Dungeon Crawl Stone Soup version 0.26.1-11-gd32895ea62 (webtiles) character file.

Game seed: 18134469898457291735

33 eooof the Caller (level 3, -9/26 HPs)
             Began as a Draconian Summoner on May 27, 2021.
             Killed by divine providence
             ... invoked by an orc priest
              (12 damage)
             ... on level 3 of the Dungeon.
             The game lasted 00:09:41 (1091 turns).

eooof the Caller (Draconian Summoner)               Turns: 1091, Time: 00:09:41

Health: -9/26      AC:  5    Str: 10    XL:     3   Next: 12%
Magic:  2/6        EV: 12    Int: 16    God:
Gold:   69         SH:  0    Dex: 11    Spells: 3/6 levels left

rFire    . . .     SeeInvis .   b - +1 dagger (drain)
rCold    . . .     Faith    .   (no shield)
rNeg     . . .     Spirit   .   (armour unavailable)
rPois    .         Reflect  .   (helmet restricted)
rElec    .         Harm     .   (no cloak)
rCorr    .         Rampage  .   (no gloves)
Will     .....                  (no boots)
Stlth    ++........             (no amulet)
HPRegen  0.08/turn              (no ring)
MPRegen  0.10/turn              (no ring)

@: no status effects
A: unfitting armour, cold-blooded, AC +5
a: no special abilities


You were on level 3 of the Dungeon.
You visited 1 branch of the dungeon, and saw 3 of its levels.

You collected 69 gold pieces.

Inventory:

Hand Weapons
 a - a +0 club
 b - a +1 dagger of draining (weapon)
 e - a +0 long sword
Missiles
 c - 33 stones (quivered)
 f - 25 bolts
Scrolls
 d - a scroll of remove curse
 g - a scroll of enchant armour


   Skills:
 - Level 1.7 Dodging
 - Level 1.7 Stealth
 - Level 2.0 Spellcasting
 + Level 5.1 Summonings


You had 3 spell levels left.
You knew the following spells:

 Your Spells              Type           Power        Failure   Level
a - Summon Small Mammal   Summ           68%          2%          1
b - Call Imp              Summ           17%          3%          2

Your spell library contained the following spells:

 Spells                   Type           Power        Failure   Level
 Call Canine Familiar     Summ           17%          8%          3
 Summon Guardian Golem    Hex/Summ       9%           22%         3
 Summon Ice Beast         Ice/Summ       9%           58%         4
 Summon Lightning Spire   Summ/Air       9%           58%         4


Dungeon Overview and Level Annotations

Branches:
Dungeon (3/15)

Altars:


Innate Abilities, Weirdness & Mutations

Your plain brown scales are hard. (AC +5)
You cannot fit into any form of body armour.
You are cold-blooded and may be slowed by cold attacks.


Message History

The weapon returns to the orc!
The orc priest calls down the wrath of Beogh upon you.
Beogh smites you!
* * * LOW HITPOINT WARNING * * *
The orc priest casts a cantrip, but nothing happens.
There is an open door here.
Casting: Call Imp (safe; 3% risk of failure)
Confirm with . or Enter, or press ? or * to list all spells.
A beastly little devil appears in a puff of flame.
The orc closely misses your shadow imp.
Casting: Call Imp (safe; 3% risk of failure)
Confirm with . or Enter, or press ? or * to list all spells.
Casting: Summon Small Mammal (safe; 2% risk of failure)
Confirm with . or Enter, or press ? or * to list all spells.
The orc completely misses your crimson imp.
The orc hits your crimson imp.
Your crimson imp barely misses the orc.
Your crimson imp barely misses the orc.
The orc priest invokes the aid of Beogh against you.
Beogh smites you!
You die...

##...##.... #+#######'###..#
...............#
.o.o...o.......#
o.oo...ooo.....#
#+#######5###..# ##5rr##....
##.....##.## .# #....).@# #
..# #...†...# .. #...)...#.#
#.# ##.....##.. ..#
#####...##..#####..#
########...#####
..#......#..#
....)...........
#.#.#<.......
...#####...#####
#.#.#<#..####
.........#########.#.#.#.....


You could see an orc priest, 3 orcs, a friendly crimson imp (summoned), a
friendly shadow imp (summoned), a friendly quokka (summoned) and a friendly rat
(summoned).

Vanquished Creatures
  An adder (D:3)
  3 bats
  2 giant cockroaches (D:1)
  3 hobgoblins (D:1)
  2 kobolds
  A goblin (D:3)
  3 rats
  A bush (D:2)
16 creatures vanquished.

Vanquished Creatures (collateral kills)
  A worm (D:3)
  A leopard gecko (D:1)
  2 goblins
  A hobgoblin (D:1)
  2 kobolds
7 creatures vanquished.

Vanquished Creatures (others)
  2 plants (D:2)
2 creatures vanquished.

Grand Total: 25 creatures vanquished

Notes
Turn   | Place    | Note
-------+----------+-------------------------------------------
     0 | D:1      | eooof the Draconian Summoner began the quest for the Orb.
     0 | D:1      | Reached XP level 1. HP: 14/14 MP: 3/3
   183 | D:1      | Reached XP level 2. HP: 13/20 MP: 0/5
  1040 | D:3      | Reached skill level 5 in Summonings
  1040 | D:3      | Reached XP level 3. HP: 10/26 MP: 6/6
  1070 | D:3      | Learned a level 2 spell: Call Imp
  1091 | D:3      | Killed from afar by an orc priest

Illustrated notes

Levels and vault maps discovered:
D:1:      dpeg_arrival_stone_temple_mockup, layout_loops_ring, dk_noncrumbling_3
D:2:      layout_loops_cross, kennysheep_okawaru_gauntlet, serial_forest,
          infiniplex_forest_fountain, infiniplex_forest_clump_medium,
          infiniplex_forest_straight_2, infiniplex_forest_lined_room_3,
          infiniplex_forest_clump_tiny, infiniplex_forest_lined_2,
          infiniplex_forest_corner_2, infiniplex_forest_clump_long,
          fedhas_altar_4, uniq_natasha, uniq_crazy_yiuf_cottage
D:3:      kennysheep_six_static_rooms, layout_basic, interstate_on_off,
          guppyfry_early_lair_pool

Skill      XL: |  1  2 |
---------------+-------+-----
Summonings     | 5 |  5.1
Dodging        | |  1.7
Stealth        | |  1.7
Spellcasting   | |  2.0

Action                   || total
-------------------------++-------
Melee: Dagger            ||   358
       Club              ||    10
       Tailslap          ||    69
 Cast: Summon Small Mamm ||    19
       Call Imp          ||     2
  Use: Potion            ||     1
       Scroll            ||     3
 Stab: Sleeping          ||     2
Armor: Skin              ||    14
Dodge: Dodged            ||    36
